 Dungeon Sprint DCSS version 0.19.5 (webtiles) character file.

3325 Mesmaeker13 the Bludgeoner (level 10, -1/190 HPs)
             Began as an Ogre Gladiator on Apr 4, 2017.
             Was a Priest of Trog.
             Slain by a demonic crawler (6 damage)
             ... in the Dungeon (Sprint I: "Red Sonja").
             The game lasted 00:04:01 (1328 turns).

Mesmaeker13 the Bludgeoner (Ogre Gladiator)         Turns: 1328, Time: 00:04:02

Health: -1/190     AC:  3    Str: 29    XL:     10   Next: 2%
Magic:  10/10      EV: 15    Int:  7    God:    Trog [***...]
Gold:   525        SH:  0    Dex: 11    Spells: 0 memorised, 9 levels left

rFire  . . .     SeeInvis .     l - +0 giant club
rCold  . . .     Gourm    .     b - +0 robe
rNeg   . . .     Faith    .     (shield currently unavailable)
rPois  .         Spirit   .     c - +0 hat
rElec  .         Reflect  .     (no cloak)
rCorr  .         Harm     .     (gloves unavailable)
MR     +++..     NoTele   +     (boots unavailable)
Stlth  ..........               (no amulet)
                                (no ring)
                                (no ring)

@: berserking, regenerating, very quick
A: unfitting armour, tough skin 1
a: Berserk, Trog's Hand, Burn Spellbooks, Renounce Religion


You were in the Dungeon.
You worshipped Trog.
Trog was most pleased with you.
You were not hungry.

You visited 1 branch You collected 525 gold pieces.

Inventory:

Hand Weapons
 a - a +0 flail
 l - a +0 giant club (weapon)
Missiles
 m - 2 throwing nets (quivered)
Armour
 b - a +0 robe (worn)
 c - a +0 hat (worn)
Wands
 d - a wand of confusion (9/48)
Scrolls
 k - a scroll of blinking
Potions
 e - 2 potions of curing
 h - a potion of haste
 i - 2 potions of magic
Comestibles
 n - a slice of pizza


   Skills:
 + Level 16.1 Fighting
 + Level 16.4 Maces & Flails
 - Level 2.0 Throwing
 + Level 12.2 Dodging


You had 9 spell levels left.
You didn't know any spells.

Dungeon Overview and Level Annotations

Branches:
Dungeon (1/1)

Altars:
Cheibriados
Dithmenos
Elyvilon
Fedhas
Gozag
Hepliaklqana
Kikubaaqudgha
Makhleb
Nemelex Xobeh
Okawaru
Qazlal
Ru
Sif Muna
Trog
Uskayaw
Vehumet
Xom
Yredelemnul
Zin
The Shining One
Jiyva
Lugonu

Shops:
D (


Innate Abilities, Weirdness & Mutations

You are too large for most types of armour.
You have tough skin. (AC +1)


Message History

* * * LOW HITPOINT WARNING * * *
You hit the demonic crawler but do no damage.
The demonic crawler misses you. The demonic crawler hits you!
* * * LOW HITPOINT WARNING * * *
The demonic crawler hits you.
* * * LOW HITPOINT WARNING * * *
You sock the demonic crawler!
The demonic crawler is lightly wounded.
The demonic crawler hits you but does no damage.
The demonic crawler misses you. The demonic crawler hits you.
* * * LOW HITPOINT WARNING * * *
The demonic crawler closely misses you. The demonic crawler hits you!
* * * LOW HITPOINT WARNING * * *
The demonic crawler closely misses you.
You barely miss the demonic crawler.
The demonic crawler is lightly wounded.
The demonic crawler hits you!
* * * LOW HITPOINT WARNING * * *
The demonic crawler closely misses you. The demonic crawler hits you.
You die...

##################
.#..'..#__#..')..#
.').#.)(^.'..#).s##+#
'#####)#__####..@ss.#
.#...#.####§)#####..+
##..##§#§§§§.#§§# ##
_##'#..'§§§§.§§.#
..'..(_#≈§§†.#§.#
_##_.#'##'#####'#
_###+#.#.(§)# #.+ ##
####+### ###


You could see 3 demonic crawlers.

Vanquished Creatures
  2 centaur warriors (D)
  An oklob plant (D)
  2 kobold demonologists (D)
  A demonic crawler (D)
  A hornet (D)
  A slime creature (D)
  Sigmund (D)
  A yak (D)
  A floating eye (D)
  An ogre (D)
  A jelly (D)
  Ijyb (D)
14 creatures vanquished.

Notes
Turn   | Place    | Note
-------+----------+-------------------------------------------
     0 | D        | Mesmaeker13 the Ogre Gladiator began the quest for the Orb.
     0 | D        | Reached XP level 1. HP: 22/22 MP: 1/1
     2 | D        | Noticed Ijyb
    10 | D        | Killed Ijyb
    10 | D        | Reached skill level 5 in Maces & Flails
    10 | D        | Reached XP level 2. HP: 25/33 MP: 2/2
    83 | D        | Noticed an ogre
    91 | D        | Killed an ogre
    91 | D        | Reached skill level 5 in Dodging
    91 | D        | Reached XP level 3. HP: 46/46 MP: 3/3
    91 | D        | Reached XP level 4. HP: 55/55 MP: 4/4
   106 | D        | Noticed Sigmund
   112 | D        | Killed Sigmund
   112 | D        | Reached skill level 10 in Maces & Flails
   112 | D        | Reached XP level 5. HP: 68/68 MP: 5/5
   112 | D        | Reached XP level 6. HP: 78/78 MP: 6/6
   229 | D        | Found a deep blue altar of Sif Muna.
   231 | D        | Found a radiant altar of Vehumet.
   260 | D        | Found Velel's Weapon Emporium.
   260 | D        | Found an ancient bone altar of Kikubaaqudgha.
   260 | D        | Found a hazy altar of Hepliaklqana.
   260 | D        | Found a stormy altar of Qazlal.
   260 | D        | Found a hide-covered altar of Uskayaw.
   260 | D        | Found a blossoming altar of Fedhas.
   260 | D        | Found a bloodstained altar of Trog.
   260 | D        | Found an iron altar of Okawaru.
   260 | D        | Found a basalt altar of Yredelemnul.
   260 | D        | Found a glowing golden altar of the Shining One.
   260 | D        | Found a snail-covered altar of Cheibriados.
   260 | D        | Found a sacrificial altar of Ru.
   260 | D        | Found a glowing silver altar of Zin.
   260 | D        | Found a shadowy altar of Dithmenos.
   260 | D        | Found a white marble altar of Elyvilon.
   260 | D        | Noticed a yak
   261 | D        | Found an opulent altar of Gozag.
   265 | D        | Killed a yak
   265 | D        | Reached XP level 7. HP: 88/88 MP: 7/7
   266 | D        | Found a sparkling altar of Nemelex Xobeh.
   271 | D        | Became a worshipper of Trog the Wrathful
   291 | D        | Found a burning altar of Makhleb.
   291 | D        | Found a viscous altar of Jiyva.
   291 | D        | Found a shimmering altar of Xom.
   291 | D        | Found a corrupted altar of Lugonu.
   291 | D        | Noticed a slime creature
   299 | D        | Killed a slime creature
   540 | D        | Noticed a kobold demonologist
   542 | D        | Noticed a kobold demonologist
   543 | D        | Killed a kobold demonologist
   543 | D        | Reached * piety under Trog
   543 | D        | Reached XP level 8. HP: 101/101 MP: 8/8
   547 | D        | Killed a kobold demonologist
   547 | D        | Reached skill level 10 in Dodging
   549 | D        | Reached ** piety under Trog
   707 | D        | Noticed a centaur warrior
   707 | D        | Noticed a centaur warrior
   732 | D        | Killed a centaur warrior
   732 | D        | Reached XP level 9. HP: 49/114 MP: 9/9
   739 | D        | Killed a centaur warrior
   739 | D        | Reached skill level 15 in Fighting
   739 | D        | Reached skill level 15 in Maces & Flails
  1091 | D        | Noticed a hornet
  1106 | D        | Killed a hornet
  1120 | D        | Noticed an oklob plant
  1124 | D        | Killed an oklob plant
  1315 | D        | Noticed a demonic crawler
  1315 | D        | Noticed a demonic crawler
  1315 | D        | Noticed a demonic crawler
  1315 | D        | Noticed a demonic crawler
  1322 | D        | Killed a demonic crawler
  1322 | D        | Reached *** piety under Trog
  1322 | D        | Reached XP level 10. HP: 35/127 MP: 10/10
  1328 | D        | HP: 5/190 [demonic crawler (10)]
  1328 | D        | Slain by a demonic crawler

Skill      XL: |  1  2  3  4  5  6  7  8  9 |
---------------+----------------------------+-----
Fighting       | 4 7 9 11 12 14 16 | 16.1
Maces & Flails | 5 7 10 11 13 14 16 | 16.4
Dodging        | 4 5 7 8 9 11 12 | 12.2
Throwing       | |  2.0

Action                   |  1- 3 |  4- 6 |  7- 9 | 10-12 || total
-------------------------+-------+-------+-------+-------++-------
Melee: Flail             |    13 |       |       |       ||    13
       Giant club        |       |     8 |    36 |     4 ||    48
Throw: Throwing net      |     2 |     2 |       |       ||     4
Invok: Trog's Hand       |       |       |     2 |       ||     2
       Berserk           |       |       |       |     1 ||     1
Evoke: Wand              |       |       |     2 |       ||     2
  Use: Potion            |       |       |     1 |     1 ||     2
 Stab: Sleeping          |       |     1 |       |       ||     1
  Eat: Bread ration      |       |       |     1 |       ||     1
       Chunk             |       |       |     1 |       ||     1
Armor: Robe              |     1 |     1 |     5 |     1 ||     8
Dodge: Dodged            |     2 |     5 |    21 |    14 ||    42
